Map: [ESL] Cosmic Sapphire

Players

Solar - Winner!

  • Race: Zerg Zerg
  • Spawn Location: 11:00

Creator

  • Race: Protoss Protoss
  • Spawn Location: 5:00

Event: DreamHack SC2 Masters 2022 Atlanta (Offline)

VOD

Have the link to the VOD?

Description

Time

  • Played on: Nov. 19, 2022, 1:20 p.m.
  • Length: 10:37

All games in this series

Show
View Real Time Build Order
Export as new Build Order

Solar Zerg - Winner!

Build Orders: Hatch First 

Get SALT Encoding   

  12  0:00  Drone  
  13  0:12  Overlord  
  13  0:17  Drone  
  14  0:32  Drone x2  
  16  0:48  Hatchery  
  15  0:52  Drone  
  15  0:55  Drone  
  17  0:58  Drone  
  18  1:09  Extractor  
  17  1:14  Spawning Pool  
  17  1:16  Drone  
  17  1:20  Drone  
  18  1:28  Drone  
  19  1:39  Drone  
  20  1:49  Overlord  
  20  2:00  Queen  
  22  2:01  Zergling x4, Queen  
  26  2:11  Drone x2  
  26  2:13  Metabolic Boost  
  28  2:22  Drone x2  
  30  2:35  Hatchery  
  29  2:38  Drone  
  30  2:44  Queen  
  30  2:48  Overlord  
  32  2:52  Zergling x2  
  32  2:56  Drone x2  
  32  2:58  Drone  
  36  3:06  Queen  
  38  3:14  Drone x4  
  38  3:16  Drone  
  38  3:19  Overlord  
  43  3:21  Drone  
  44  3:34  Overlord  
  44  3:36  Queen  
  44  3:39  Drone  
  44  3:40  Drone  
  47  3:42  Drone  
  47  3:44  Drone x2  
  47  3:47  Spore Crawler  
  47  3:48  Queen  
  51  3:49  Drone  
  51  3:52  Drone  
  51  3:54  Drone x2  
  55  3:57  Drone  
  55  4:01  Evolution Chamber  
  55  4:02  Drone  
  56  4:04  Overlord  
  56  4:06  Drone  
  57  4:10  Zergling x6  
  57  4:14  Queen  
  62  4:17  Drone  
  62  4:18  Drone  
  62  4:20  Drone  
  62  4:22  Drone  
  62  4:23  Drone  
  67  4:29  Drone x3  
  67  4:31  Roach Warren  
  70  4:32  Extractor  
  70  4:33  Extractor  
  70  4:34  Zergling x6  
  70  4:36  Zergling x2  
  70  4:38  Zergling x4  
  73  4:41  Zergling x4  
  73  4:44  Lair  
  73  4:48  Overlord  
  73  4:50  Zergling x2  
  73  4:53  Overlord  
  73  4:56  Overlord  
  73  5:01  Overlord  
  73  5:07  Drone x2  
  73  5:08  Drone  
  73  5:09  Drone, Overlord  
  73  5:10  Pneumatized Carapace  
  76  5:16  Extractor  
  76  5:17  Extractor  
  74  5:21  Roach x3  
  74  5:24  Overlord  
  74  5:25  Roach x5  
  90  5:31  Roach x2  
  94  5:39  Zergling x10  
  98  5:43  Zergling x2  
  98  5:46  Zergling x8  
  102  5:50  Zergling x8  
  106  5:58  Zergling x2  
  106  6:01  Ravager x3  
  106  6:02  Overlord  
  106  6:03  Zergling x8  
  114  6:06  Ravager  
  114  6:07  Overlord  
  114  6:13  Zergling x4  
  114  6:17  Zergling x8  
  118  6:18  Ravager  
  118  6:25  Zergling x4  
  110  6:32  Zergling x10  
  107  6:34  Ravager  
  107  6:39  Zergling x4  
  106  6:43  Ravager x3  
  106  6:45  Glial Reconstitution, Drone x4  
  111  6:47  Drone  
  111  6:48  Drone  
  112  6:56  Drone  
  112  7:00  Drone x2  
  113  7:05  Evolution Chamber  
  113  7:06  Drone  
  112  7:11  Drone x2, Hatchery  
  109  7:19  Zergling x12  
  109  7:20  Zergling x6  
  112  7:26  Drone  
  112  7:27  Drone  
  112  7:28  Drone  
  113  7:35  Drone  
  114  7:38  Drone x2  
  107  7:45  Drone x2  
  107  7:46  Roach x7  
  107  7:48  Zerg Melee Weapons Level 1  
  107  7:49  Baneling Nest, Overlord  
  107  7:51  Overseer  
  122  7:52  Roach x2  
  126  8:00  Drone  
  126  8:01  Drone x2  
  127  8:11  Roach x2  
  125  8:13  Roach, Extractor  
  125  8:17  Overseer  
  126  8:21  Overlord  
  126  8:22  Overlord x2  
  126  8:23  Zergling x8  
  126  8:24  Zergling x6  
  126  8:25  Queen  
  135  8:30  Ravager x6  
  135  8:31  Centrifugal Hooks, Roach x2  
  135  8:34  Zergling x4  
  147  8:40  Zergling x2  
  148  8:43  Zergling x4  
  148  8:46  Zergling x4  
  148  8:47  Zergling x4  
  154  8:48  Roach  
  154  8:49  Roach x5  
  154  8:52  Roach  
  154  8:54  Roach  
  167  8:58  Roach x2  
  168  9:03  Overlord x2  
  168  9:08  Zergling x4  
  170  9:15  Roach x3  
  170  9:16  Overlord  
  171  9:18  Zergling x8  
  171  9:21  Zergling x4  
  171  9:23  Hatchery  
  176  9:26  Drone x2  
  176  9:27  Drone  
  176  9:29  Drone  
  173  9:33  Ravager x3  
  173  9:34  Zergling x6, Ravager  
  179  9:39  Zergling x2, Roach  
  179  9:40  Zergling x2  
  179  9:43  Zergling x2  
  182  9:46  Zergling x12, Overlord  
  182  9:48  Zergling x6  
  181  9:56  Zergling x6  
  181  9:58  Ravager  
  181  9:59  Zergling x2, Ravager  
  187  10:02  Zergling x6  
  187  10:07  Ravager x3  
  187  10:08  Ravager  
  187  10:09  Baneling x19  
  187  10:10  Baneling x8  
  187  10:11  Zergling x2  
  187  10:13  Drone  
  188  10:16  Zergling x16  
  188  10:17  Zergling x4  
  188  10:19  Zergling x6  
Show
View Real Time Build Order
Export as new Build Order

Creator Protoss 

Build Orders: 1 Gate Expand, Oracle Opening 

Get SALT Encoding   

  12  0:00  Probe  
  13  0:13  Pylon  
  13  0:17  Probe (Chrono Boost)  
  14  0:26  Probe (Chrono Boost)  
  15  0:31  Probe (Chrono Boost)  
  16  0:38  Gateway  
  16  0:43  Probe  
  16  0:47  Assimilator  
  17  0:55  Probe  
  18  1:07  Probe  
  19  1:20  Probe  
  20  1:25  Nexus  
  20  1:34  Cybernetics Core  
  20  1:37  Probe  
  21  1:43  Assimilator  
  21  1:49  Probe  
  21  1:53  Pylon  
  22  2:01  Probe  
  23  2:09  Adept (Chrono Boost)  
  23  2:13  Probe  
  26  2:18  Stargate  
  26  2:25  Probe  
  26  2:27  Warp Gate  
  29  2:37  Stalker  
  29  2:38  Probe x2 (Chrono Boost)  
  31  2:48  Probe x2 (Chrono Boost)  
  33  2:52  Probe (Chrono Boost)  
  33  2:56  Probe  
  35  3:02  Oracle (Chrono Boost)  
  38  3:06  Probe  
  38  3:08  Probe  
  40  3:19  Probe  
  41  3:20  Probe  
  41  3:21  Pylon  
  42  3:31  Probe  
  42  3:33  Probe  
  44  3:36  Nexus  
  44  3:39  Oracle (Chrono Boost)  
  44  3:40  Pylon  
  44  3:45  Probe  
  44  3:46  Probe  
  49  3:57  Probe  
  49  3:58  Probe, Gateway  
  51  4:06  Assimilator  
  51  4:08  Assimilator  
  51  4:09  Oracle, Probe  
  55  4:10  Probe  
  55  4:11  Pylon  
  56  4:18  Adept  
  56  4:21  Probe  
  56  4:22  Probe  
  60  4:33  Twilight Council  
  60  4:34  Pylon  
  60  4:36  Forge  
  60  4:37  Probe x2  
  60  4:48  Adept  
  60  4:51  Probe (Chrono Boost)  
  65  4:53  Probe x2 (Chrono Boost)  
  65  4:58  Shield Battery  
  65  4:59  Sentry  
  68  5:01  Probe (Chrono Boost)  
  68  5:03  Probe (Chrono Boost)  
  68  5:04  Probe (Chrono Boost)  
  68  5:06  Probe (Chrono Boost)  
  70  5:08  Gateway  
  70  5:13  Probe x2  
  72  5:16  Blink (Chrono Boost)  
  72  5:18  Protoss Ground Weapons Level 1, Probe  
  73  5:22  Gateway  
  73  5:25  Probe x2  
  73  5:26  Robotics Facility  
  75  5:30  Probe  
  76  5:37  Probe x2  
  78  5:44  Stalker x2  
  78  5:46  Pylon  
  78  5:49  Probe x2  
  84  5:54  Gateway  
  84  5:57  Gateway  
  84  5:59  Gateway  
  84  6:00  Gateway, Assimilator  
  84  6:01  Assimilator, Pylon  
  84  6:04  Shield Battery  
  84  6:05  Shield Battery  
  84  6:06  Photon Cannon  
  84  6:07  Pylon  
  84  6:09  Sentry  
  84  6:10  Stalker  
  88  6:11  Zealot  
  88  6:16  Zealot  
  92  6:24  Oracle  
  92  6:25  Immortal (Chrono Boost)  
  90  6:29  Shield Battery  
  90  6:32  Zealot x2  
  87  6:35  Zealot  
  87  6:38  Stalker  
  83  6:45  Shield Battery  
  75  6:49  Probe, Stalker  
  75  6:52  Stalker  
  75  6:53  Stalker  
  79  6:59  Sentry  
  85  7:09  Immortal (Chrono Boost)  
  85  7:11  Pylon  
  85  7:14  Shield Battery  
  84  7:18  Pylon  
  77  7:29  Zealot x5  
  75  7:37  Zealot  
  75  7:38  Immortal (Chrono Boost)  
  75  7:43  Cybernetics Core  
  64  7:53  Zealot x2  
  64  7:57  Templar Archives  
  68  8:01  Zealot x2  
  72  8:09  Zealot  
  74  8:16  Observer (Chrono Boost)  
  74  8:18  Pylon  
  74  8:19  Stalker  
  77  8:20  Pylon  
  77  8:38  Stalker  
  77  8:39  Stalker  
  77  8:40  High Templar x2  
  85  8:45  Archon, Stalker x2  
  87  9:01  Stalker  
  87  9:02  Immortal (Chrono Boost)  
  83  9:07  Stalker x2  
  91  9:13  Stalker  
  87  9:19  Stalker x2  
  88  9:32  Stalker  
  88  9:33  Stalker x2  
  92  9:40  Warp Prism (Chrono Boost)  
  88  9:55  Stalker x3  
  86  10:05  Stalker  
  86  10:06  Stalker  
  88  10:11  Observer  
  89  10:17  Stalker x2  
  93  10:22  Zealot  
  93  10:27  Pylon  
Tags
 
Add a new tag
Caveats
  • Supply blocks, unpowered buildings, or Contaminate may cause inaccurate times.
  • Supply counts are checked every 10 seconds.